 Dungeon Crawl Stone Soup version 0.17.0-28-g6e173f8 (webtiles) character file.

590 Gaunah the Insei (level 7, -8/38 HPs)
             Began as a Vine Stalker Monk on Nov 22, 2015.
             Was a Believer of Cheibriados.
             Mangled by Glider's ghost (12 damage)
             ... on level 5 of the Dungeon.
             The game lasted 00:12:12 (4127 turns).

Gaunah the Insei (Vine Stalker Monk)                Turns: 4127, Time: 00:12:13

Health: -8/38      AC:  8    Str: 18    XL:     7   Next: 39%
Magic:  0/8        EV: 13    Int: 14    God:    Cheibriados [**....]
Gold:   162        SH:  0    Dex: 22    Spells: 0 memorised, 6 levels left

rFire  . . .     SeeInvis .     f - +0 flail (protect)
rCold  . . .     Clarity  .     r - +0 leather armour {rPois}
rNeg   . . .     SustAt   .     (no shield)
rPois  +         Gourm    .     (no helmet)
rElec  .         Spirit   +     (no cloak)
rCorr  .         Warding  .     (no gloves)
rMut   .         Stasis   .     (no boots)
MR     .....                    (no amulet)
Stlth  +++.......               (no ring)
                                (no ring)

@: very slow, not resistant to hostile enchantments, fairly stealthy
A: fangs 2, regeneration 2, magic shield, antimagic bite, no device heal 3, rot
immunity
a: Bend Time, Renounce Religion


You were on level 5 of the Dungeon.
You worshipped Cheibriados.
Cheibriados was pleased with you.
You were very hungry.

You visited 2 branches of the dungeon, and saw 6 of its levels.

You collected 162 gold pieces.

Inventory:

Hand Weapons
 f - a +0 flail of protection (weapon)
Armour
 a - a +1 robe
 r - a +0 leather armour of poison resistance (worn)
Wands
 p - a wand of frost (19)
Scrolls
 d - 2 scrolls of immolation
 e - 4 scrolls of identify
 k - 3 scrolls of remove curse
 n - a scroll of enchant armour
 o - a scroll of random uselessness {unknown}
Potions
 c - a potion of cancellation {unknown}
 g - a potion of ambrosia
 i - 2 potions of might {unknown}
 l - a potion of cure mutation {unknown}
 m - a potion of curing {unknown}
 q - a potion of poison {unknown}
 t - a potion of heal wounds {unknown}
Comestibles
 b - 4 bread rations
 h - 5 fruits
 j - 4 meat rations
 s - a beef jerky


   Skills:
 - Level 4.7 Fighting
 + Level 1.5 Armour
 - Level 2.4 Dodging
 - Level 5.2 Stealth
 + Level 6.2 Unarmed Combat
 + Level 0.2 Invocations


You had 6 spell levels left.
You didn't know any spells.

Dungeon Overview and Level Annotations

Branches:
Dungeon (5/15)             Temple (1/1) D:5

Altars:
Ashenzari
Cheibriados
Dithmenos
Makhleb
Nemelex Xobeh
Okawaru
Qazlal
Ru
Sif Muna
Vehumet
Xom

Annotations:
D:5 Glider's ghost, novice OpTm


Innate Abilities, Weirdness & Mutations

You have extremely sharp teeth.
You heal very quickly.
When hurt, damage is shared between your health and your magic reserves.
Your bite disrupts and absorbs the magic of your enemies.
Potions and wands cannot restore your health.
You are immune to rotting.


Message History

You miss Glider's ghost. You bite Glider's ghost. You drain its power.
You feel invigorated.
Glider's ghost is heavily damaged.
Glider's ghost closely misses you. Glider's ghost hits you!
You hit Glider's ghost.
You bite Glider's ghost, but do no damage.
Glider's ghost is heavily damaged.
Glider's ghost hits you!
* * * LOW HITPOINT WARNING * * *
x2 The flow of time bends around you.
Cheibriados rebukes Glider's ghost.
Glider's ghost seems to slow down.
You are feeling very hungry.
Glider's ghost barely misses you.
Glider's ghost is no longer moving slowly.
Glider's ghost hits you but does no damage.
Glider's ghost hits you!
* * * LOW HITPOINT WARNING * * *
x2 Glider's ghost hits you!
You die...

### .. # ##. # .. #
### ####.# # #.#
#.$..# #####..
#######.# # #....
....... ........#
#.#... ....... #@#
#....# .###### #W#
#†# ...... ###
#.#######.# #
######
..##.........# ...
######.
#.#..##.##..##...##
.......##
#.#...............
###.#.....
#.#.#...#.####..##
....# #.#
##.#..#.#..# .#
###.#
#.###.##...>...#


You could see Glider's ghost.

Vanquished Creatures
  An ice beast (D:5)
  A crimson imp (D:5)
  An orc priest (D:4)
  An iguana (D:4)
  2 hounds (D:4)
  An orc wizard (D:4)
  8 gnolls
  11 adders
  An adder skeleton (D:4)
  6 worms
  4 giant geckos
  21 orcs
  6 bats
  3 giant cockroaches
  10 hobgoblins
  6 jackals
  A quokka (D:5)
  3 ball pythons
  A giant gecko skeleton (D:4)
  7 giant newts
  5 goblins
  8 kobolds
  6 rats
114 creatures vanquished.

Notes
Turn   | Place    | Note
--------------------------------------------------------------
     0 | D:1      | Gaunah the Vine Stalker Monk began the quest for the Orb.
     0 | D:1      | Reached XP level 1. HP: 11/11 MP: 2/2
   216 | D:1      | Reached XP level 2. HP: 8/16 MP: 3/3
   500 | D:1      | Reached XP level 3. HP: 12/20 MP: 2/4
   931 | D:2      | Reached XP level 4. HP: 16/24 MP: 2/5
  1273 | D:2      | Found a shimmering altar of Xom.
  1274 | D:2      | Found a shimmering altar of Xom.
  1274 | D:2      | Found a shimmering altar of Xom.
  1275 | D:2      | Found a shimmering altar of Xom.
  1336 | D:2      | Reached XP level 5. HP: 23/29 MP: 6/6
  1339 | D:2      | Reached skill level 5 in Unarmed Combat
  1933 | D:2      | You fall through a shaft!
  2725 | D:4      | Gained mutation: You heal very quickly. [Vine Stalker growth]
  2725 | D:4      | Reached XP level 6. HP: 28/33 MP: 5/7
  2763 | D:4      | Reached skill level 5 in Stealth
  2957 | D:4      | Found an iron altar of Okawaru.
  3256 | D:4      | Reached XP level 7. HP: 35/38 MP: 8/8
  3598 | D:5      | Entered Level 5 of the Dungeon
  3628 | D:5      | Found a snail-covered altar of Cheibriados.
  3645 | D:5      | Became a worshipper of Cheibriados the Contemplative
  3645 | D:5      | Reached * piety under Cheibriados
  3645 | D:5      | Reached ** piety under Cheibriados
  3666 | D:5      | Reached skill level 1 in Armour
  3666 | D:5      | Reached skill level 6 in Unarmed Combat
  3820 | D:5      | Found a staircase to the Ecumenical Temple.
  3827 | Temple   | Entered the Ecumenical Temple
  4105 | D:5      | Noticed Glider's ghost (novice OpTm)
  4127 | D:5      | Mangled by Glider's ghost

Action                   |  1- 3 |  4- 6 |  7- 9 || total
-------------------------+-------+-------+-------++-------
Melee: Unarmed           |    82 |   155 |       ||   237
       Flail             |       |    98 |    63 ||   161
Invok: Bend Time         |       |       |     1 ||     1
  Use: Scroll            |       |     7 |       ||     7
 Stab: Sleeping          |     6 |    14 |     1 ||    21
  Eat: Chunk             |       |     7 |     2 ||     9
